 Dungeon Crawl Stone Soup version 0.29-a0-419-g77450f2105 (webtiles) character file.

Game seed: 6153459500253423973

690 KhasaRR the Slasher (level 7, 0/59 HPs)
             Began as a Demonspawn Fighter on May 18, 2022.
             Succumbed to a killer bee's poison
             ... on level 5 of the Dungeon.
             The game lasted 00:15:00 (5046 turns).

KhasaRR the Slasher (Demonspawn Fighter)            Turns: 5046, Time: 00:15:01

Health: 0/59       AC: 12    Str: 18    XL:     7   Next: 36%
Magic:  7/7        EV: 10    Int:  9    God:
Gold:   365        SH:  5    Dex: 13    Spells: 6/6 levels left

rFire   + . .      SeeInvis .   i - +0 scimitar (vorpal)
rCold   + . .      Faith    .   c - +0 buckler
rNeg    . . .      Spirit   .   b - +0 scale mail
rPois   +          Reflect  .   (helmet restricted)
rElec   +          Harm     .   (no cloak)
rCorr   +          Rampage  .   g - +1 pair of gloves
Will    .....                   (no boots)
Stlth   ..........              (no amulet)
HPRegen 0.19/turn               n - ring of wizardry
MPRegen 0.10/turn               (no ring)

@: lethally poisoned (0 -> -3), resistant
A: yellow scales 2, demonic guardian 1, horns 1, robust 1
a: no special abilities


You were on level 5 of the Dungeon.
You visited 1 branch of the dungeon, and saw 5 of its levels.

You collected 365 gold pieces.

Inventory:

Hand Weapons
 a - a +0 long sword
 i - a +0 vorpal scimitar (weapon)
Armour
 b - a +0 scale mail (worn)
 c - a +0 buckler (worn)
 d - a +0 helmet
 e - the +0 pair of boots of Valour {Str+2}
   (You acquired it on level 5 of the Dungeon)

   Str:       It affects your strength (+2).
 g - a +1 pair of gloves (worn)
Jewellery
 n - a ring of wizardry (left hand)
Scrolls
 k - a scroll of magic mapping
 o - a scroll of poison {unknown}
 p - a scroll of brand weapon {unknown}
 q - a scroll of torment
Potions
 h - a potion of invisibility
 j - a potion of attraction


   Skills:
 * Level 4.2 Fighting
 + Level 4.8 Long Blades
 + Level 3.7 Armour
 * Level 3.2 Dodging
 * Level 3.6 Shields


You had 6 spell levels left.
You didn't know any spells.
Your spell library contained the following spells:

 Spells                   Type           Power      Damage    Failure   Level
 Call Canine Familiar     Summ           0%         N/A       86%         3
 Portal Projectile        Hex/Tloc       0%         N/A       86%         3
 Leda's Liquefaction      Hex/Erth       0%         N/A       99%         4


Dungeon Overview and Level Annotations

Branches:
Dungeon (5/15)
 Temple: D:4-7

Altars:

Shops:
D:2 (


Innate Abilities, Weirdness & Mutations

You are mostly covered in yellow scales. (AC +3)
A weak demonic guardian rushes to your aid.
You have a pair of small horns on your head.
You are robust. (+10% HP)


Message History

A demonic guardian appears!
You are lethally poisoned!
The killer bee poisons you! You block the killer bee's attack.
The killer bee barely misses you.
* * * LOW HITPOINT WARNING * * *
You feel very sick. You block the killer bee's attack.
You swap places.
* * * LOW HITPOINT WARNING * * *
You feel sick.
The killer bee barely misses your shadow imp.
The killer bee stings your shadow imp but does no damage.
Your shadow imp hits the killer bee.
It was a potion of resistance.
You feel protected.
* * * LOW HITPOINT WARNING * * *
You feel sick. The killer bee stings your shadow imp.
An adder comes into view.
The killer bee closely misses your shadow imp.
Your shadow imp hits the killer bee.
As you read the scroll labelled TUMAIQ VUDOX, it crumbles to dust.
It is a scroll of enchant armour.
Your +0 pair of gloves glows green for a moment.
* * * LOW HITPOINT WARNING * * *
You feel sick.
The killer bee closely misses your shadow imp.
The killer bee barely misses your shadow imp.
Your shadow imp completely misses the killer bee.
This is a scroll of acquirement!
Something appears at your feet!
* * * LOW HITPOINT WARNING * * *
You feel sick.
The killer bee stings your shadow imp. x2
Your shadow imp dies!
Your shadow imp disappears in a puff of smoke!
e - the +0 pair of boots of Valour {Str+2}
* * * LOW HITPOINT WARNING * * *
You feel sick.
The killer bee stings you but does no damage.
Keep equipping yourself?
You die...

.... #..# #..#
#..# #..# #..#
#..# #.S######
##.y.yy@.#
#..y####.#
#.### ##.## #>#
##...#
#.####.###.#
#.##...# ...
#.##.#.# ###
#.#####.##.##..
#...<......#
#.#


You could see 4 killer bees and an adder.

Vanquished Creatures
  An ogre (D:4)
  A centaur (D:4)
  A kobold brigand (D:4)
  A scorpion (D:3)
  2 killer bees (D:5)
  An orc priest (D:4)
  2 iguanas (D:4)
  Robin (D:3)
  4 gnolls (D:2)
  5 adders
  2 worms (D:2)
  4 dart slugs
  8 orcs
  6 ball pythons
  7 endoplasms
  2 giant cockroaches (D:3)
  12 goblins
  11 hobgoblins
  23 jackals
  10 kobolds
  5 quokkas
  5 bats
  3 frilled lizards
  9 rats
126 creatures vanquished.

Notes
Turn   | Place    | Note
-------+----------+-------------------------------------------
     0 | D:1      | KhasaRR the Demonspawn Fighter began the quest for the Orb.
     0 | D:1      | Reached XP level 1. HP: 18/18 MP: 1/1
   312 | D:1      | Gained mutation: You are partially covered in yellow
                  | scales. (AC +2) [demonic ancestry]
   312 | D:1      | Reached XP level 2. HP: 24/24 MP: 2/2
   788 | D:1      | Reached XP level 3. HP: 23/29 MP: 3/3
  1423 | D:2      | Found Wiox's Weapon Shoppe.
  1657 | D:2      | Reached skill level 1 in Dodging
  1813 | D:2      | Reached XP level 4. HP: 31/35 MP: 4/4
  2892 | D:3      | Gained mutation: A weak demonic guardian rushes to your
                  | aid. [demonic ancestry]
  2892 | D:3      | Reached XP level 5. HP: 38/41 MP: 5/5
  3020 | D:3      | Noticed Robin
  3066 | D:3      | Killed Robin
  3556 | D:4      | Noticed an ogre
  3567 | D:4      | Killed an ogre
  3568 | D:4      | Gained mutation: You are mostly covered in yellow scales.
                  | (AC +3) [demonic ancestry]
  3568 | D:4      | Reached XP level 6. HP: 11/48 MP: 6/6
  4488 | D:4      | Reached XP level 7. HP: 45/54 MP: 7/7
  4898 | D:5      | Entered Level 5 of the Dungeon
  4985 | D:5      | Gained mutation: You have a pair of small horns on your
                  | head. [potion of mutation]
  4985 | D:5      | Gained mutation: You are robust. (+10% HP) [potion of
                  | mutation]
  5044 | D:5      | Identified a scroll of acquirement
  5044 | D:5      | Acquired the +0 pair of boots of Valour {Str+2}
  5044 | D:5      | HP: 2/59 [poisoned by a killer bee]
  5046 | D:5      | Succumbed to a killer bee's poison

Illustrated notes

Levels and vault maps discovered:
D:1:      amcnicky_arrival_blooded_trapdoor, layout_loops_ring
D:2:      layout_rooms, serial_shops, nicolae_shop_bloodbath_and_beyond
D:3:      layout_basic, hangedman_decor_push, uniq_robin
D:4:      layout_loops_ring
D:5:      layout_loops_ring

Skill      XL: |  1  2  3  4  5  6  7 |
---------------+----------------------+-----
Long Blades    | 2 3 4 |  4.8
Armour         | 3 |  3.7
Dodging        | 1 2 3 |  3.2
Shields        | 3 |  3.6
Fighting       | 4 |  4.2

Action                   |  1- 3 |  4- 6 |  7- 9 || total
-------------------------+-------+-------+-------++-------
Melee: Long sword        |   113 |       |       ||   113
       Scimitar          |    50 |   220 |    44 ||   314
       Headbutt          |       |       |     1 ||     1
  Use: Scroll            |     3 |     3 |     2 ||     8
       Potion            |     1 |     7 |     2 ||    10
Armor: Scale mail        |    88 |   105 |    37 ||   230
Dodge: Dodged            |    76 |    75 |    28 ||   179
Block: Buckler           |    42 |    48 |    12 ||   102

Table legend: (Time is in decaauts)
 A = Elapsed time spent in this place.
 B = Non-inter-level travel time spent in this place.
 C = Inter-level travel time spent in this place.
 D = Time resting spent in this place.
 E = Time spent auto-exploring this place.
 F = Levels seen in this place.
 G = Mean time per level.
                   A        B        C        D        E       F      G
               +--------+--------+--------+--------+--------+-----+--------+
         Total |   5113 |   4844 |    269 |    271 |   3642 |   5 | 1022.6 |
       Dungeon |   5113 |   4844 |    269 |    271 |   3642 |   5 | 1022.6 |
               +--------+--------+--------+--------+--------+-----+--------+

Top non-repeatable levels by time:
     D:1: 1437 daAuts
     D:4: 1365 daAuts
     D:2: 1192 daAuts
     D:3: 961 daAuts
     D:5: 156 daAuts
